 Dungeon Crawl Stone Soup version 0.29-a0-222-g5b244fca1f (webtiles) character file.

Game seed: 9069238473578425629

236 enile the Skirmisher (level 6, -2/47 HPs)
             Began as a Djinni Fire Elementalist on Feb 27, 2022.
             Was a Believer of Makhleb.
             Slain by a sky beast (5 damage)
             ... on level 4 of the Dungeon.
             The game lasted 00:03:30 (4970 turns).

enile the Skirmisher (Djinni Fire Elementalist)     Turns: 4970, Time: 00:03:31

Health: -2/47      AC:  2    Str: 14    XL:     6   Next: 27%
Gold:   129        EV: 13    Int: 19    God:    Makhleb [**....] SH:  0 Dex: 19

rFire   + + .      SeeInvis .   (no weapon)
rCold   x . .      Faith    .   (no shield)
rNeg    . . .      Spirit   .   a - +0 robe
rPois   ∞          Reflect  .   (no helmet)
rElec   .          Harm     .   (no cloak)
rCorr   .          Rampage  .   (no gloves)
Will    .....                   (boots unavailable)
Stlth   ++........              (no amulet)
HPRegen 0.15/turn               l - +6 ring of dexterity
MPRegen 0.00/turn               q - ring "Caehyqim" {Wiz Fly Str+7}

@: flying
A: sickness immunity, fire resistance 2, cold vulnerability 1, float, innate
caster, HP casting, extra vitality 1
a: Renounce Religion, Minor Destruction


You were on level 4 of the Dungeon.
You worshipped Makhleb.
Makhleb was pleased with you.
You visited 1 branch of the dungeon, and saw 5 of its levels.

You collected 129 gold pieces.

Inventory:

Armour
 a - a +0 robe (worn)
Jewellery
 d - a ring of ice
 l - a +6 ring of dexterity (left hand)
 q - the ring "Caehyqim" (right hand) {Wiz Fly Str+7}
   (You found it on level 4 of the Dungeon)

   [ring of wizardry]

   It improves your spell success rate.
   Str:       It affects your strength (+7).
   Fly:       It grants you flight.
Wands
 m - a wand of iceblast (8)
Scrolls
 b - 4 scrolls of identify {unknown}
 f - a scroll of immolation {unknown}
 i - 2 scrolls of torment {unknown}
 k - a scroll of teleportation {unknown}
 o - a scroll of vulnerability {unknown}
Potions
 c - a potion of lignification {unknown}
 e - 3 potions of brilliance {unknown}
 g - a potion of might {unknown}
 h - a potion of heal wounds {unknown}
 j - a potion of attraction {unknown}
 n - a potion of resistance {unknown}
 p - a potion of curing {unknown}


   Skills:
 - Level 4.0 Fighting
 - Level 2.4 Dodging
 - Level 1.8 Stealth
 + Level 3.7 Spellcasting


You couldn't memorise any spells.
You knew the following spells:

 Your Spells              Type           Power      Damage    Failure   Level
a - Foxfire               Conj/Fire      68%        2x1d7     1%          1
b - Scorch                Fire           34%        2d6       1%          2
c - Conjure Flame         Conj/Fire      17%        6-21      3%          3
d - Inner Flame           Hex/Fire       17%        N/A       3%          3
e - Flame Wave            Conj/Fire      17%        2d6       12%         4
f - Sandblast             Erth           34%        2d9       1%          1
g - Ensorcelled Hibernat  Hex/Ice        34%        N/A       1%          2
Your spell library was empty.

Dungeon Overview and Level Annotations

Branches:
Dungeon (5/15)
 Temple: D:4-7

Altars:
Makhleb

Shops:
D:4 (


Innate Abilities, Weirdness & Mutations

You are immune to sickness and miasma.
You are immune to poison.
Your flesh is very heat resistant. (rF++)
You are vulnerable to cold. (rC-)
You float through the air rather than walking.
You learn spells naturally, not from books.
Your magical power is your life essence.
You have superior vitality. (+4 MHP)


Message History

Deactivating autopickup; reactivate with Ctrl-A.
Something hits you. Something shocks you. Something hits you.
Something shocks you.
A sky beast appears from thin air!
Reactivating autopickup.
The sky beast is no longer more vulnerable to fire.
You see here an iguana corpse.
The sky beast flickers out of sight!
Deactivating autopickup; reactivate with Ctrl-A.
A sky beast appears from thin air!
Reactivating autopickup.
The sky beast flickers out of sight!
Deactivating autopickup; reactivate with Ctrl-A.
There is a stone staircase leading up here.
A sky beast appears from thin air!
Reactivating autopickup.
There is a stone staircase leading down here.
The sky beast flickers out of sight!
Deactivating autopickup; reactivate with Ctrl-A.
Something hits you. Something shocks you.
A sky beast appears from thin air!
Reactivating autopickup.
You see here an iguana corpse.
There is a stone staircase leading up here.
The sky beast flickers out of sight!
Deactivating autopickup; reactivate with Ctrl-A.
Something hits you. Something shocks you.
* * * LOW HITPOINT WARNING * * *
You fly upwards.
Reactivating autopickup.
There is a stone staircase leading down here.
Something hits you.
* * * LOW HITPOINT WARNING * * *
Something shocks you.
* * * LOW HITPOINT WARNING * * *
Deactivating autopickup; reactivate with Ctrl-A.
You miss something. Something hits you.
* * * LOW HITPOINT WARNING * * *
Something shocks you.
You die...

#.##^#.#^##..# #.#
#.#.^#.#^.#..# #.#
#.####'####..###.#
#.S..#.#.......#.#
###..###...###.#.#
..'............#.#
###........#####.#
###........#####.#
................@#
##.......#########
##......)#
##.####### ##.#
##.# ##### .#.#
#...# .#.# #...#
.#.# #.<.#


There were no monsters in sight!

Vanquished Creatures
  A scorpion (D:4)
  An iguana (D:5)
  8 adders
  A shadow imp (D:3)
  A dart slug (D:3)
  13 ball pythons
  9 endoplasms
  4 goblins
  7 hobgoblins
  2 jackals (D:3)
  3 quokkas
  7 bats
  5 frilled lizards
  8 kobolds
  6 rats
76 creatures vanquished.

Vanquished Creatures (others)
  252 foxfires
252 creatures vanquished.

Grand Total: 328 creatures vanquished

Notes
Turn   | Place    | Note
-------+----------+-------------------------------------------
     0 | D:1      | enile the Djinni Fire Elementalist began the quest for the
                  | Orb.
     0 | D:1      | Reached XP level 1. HP: 15/15 MP: 0/0
   175 | D:1      | Reached XP level 2. HP: 19/21 MP: 0/0
   407 | D:1      | Reached skill level 1 in Fighting
   698 | D:1      | Reached XP level 3. HP: 25/27 MP: 0/0
   698 | D:1      | Learned a level 1 spell: Sandblast
   901 | D:1      | Reached skill level 2 in Fighting
  1968 | D:2      | Reached XP level 4. HP: 32/34 MP: 0/0
  2305 | D:2      | Reached skill level 3 in Fighting
  2454 | D:2      | Found a faded altar of an unknown god.
  2465 | D:2      | Prayed at the altar of an unknown god.
  2465 | D:2      | Became a worshipper of Makhleb the Destroyer
  2465 | D:2      | Reached * piety under Makhleb
  3058 | D:3      | Reached XP level 5. HP: 34/41 MP: 0/0
  3058 | D:3      | Learned a level 2 spell: Ensorcelled Hibernation
  3332 | D:3      | Reached skill level 4 in Fighting
  3713 | D:3      | Reached ** piety under Makhleb
  3989 | D:4      | Reached XP level 6. HP: 37/47 MP: 0/0
  4199 | D:4      | Found Qiedaqo's Weapon Emporium.
  4779 | D:4      | Identified the ring "Caehyqim" {Wiz Fly Str+7}
  4851 | D:5      | Entered Level 5 of the Dungeon
  4920 | D:5      | Noticed a sky beast
  4970 | D:4      | Slain by a sky beast

Illustrated notes

Levels and vault maps discovered:
D:1:      dpeg_arrival_orchard, layout_basic
D:2:      layout_loops_corners, hellmonk_ecumenical_altar_heavens_door,
          minmay_stone_trees_small, glass_columns_a
D:3:      layout_basic
D:4:      layout_basic, serial_shops, nicolae_stop_n_shop_1, grunt_tough_drop
D:5:      layout_basic

Skill      XL: |  1  2  3  4  5 |
---------------+----------------+-----
Fighting       | 1 2 3 4 |  4.0
Spellcasting   | 3 |  3.7
Dodging        | |  2.4
Stealth        | |  1.8

Action                   |  1- 3 |  4- 6 || total
-------------------------+-------+-------++-------
Melee: Unarmed           |     2 |     1 ||     3
 Cast: Foxfire           |    64 |   100 ||   164
       Scorch            |    10 |    26 ||    36
Armor: Robe              |     2 |     5 ||     7
Dodge: Dodged            |     4 |    35 ||    39

Table legend: (Time is in decaauts)
 A = Elapsed time spent in this place.
 B = Non-inter-level travel time spent in this place.
 C = Inter-level travel time spent in this place.
 D = Time resting spent in this place.
 E = Time spent auto-exploring this place.
 F = Levels seen in this place.
 G = Mean time per level.
                   A        B        C        D        E       F      G
               +--------+--------+--------+--------+--------+-----+--------+
         Total |   4967 |   4859 |    108 |      0 |   4245 |   5 |  993.4 |
       Dungeon |   4967 |   4859 |    108 |      0 |   4245 |   5 |  993.4 |
               +--------+--------+--------+--------+--------+-----+--------+

Top non-repeatable levels by time:
     D:1: 1446 daAuts
     D:2: 1212 daAuts
     D:3: 1205 daAuts
     D:4: 985 daAuts
     D:5: 116 daAuts
